 Dungeon Crawl Stone Soup version 0.22-a0-756-gc33bbe721d (webtiles) character file.

6634 Bapho the Carver (level 10, -14/91 HPs)
             Began as a White Draconian Berserker on July 16, 2018.
             Was a High Priest of Trog.
             Demolished by a death yak (27 damage)
             ... on level 8 of the Dungeon.
             The game lasted 00:16:22 (8308 turns).

Bapho the Carver (White Draconian Berserker)        Turns: 8308, Time: 00:16:23

Health: -14/91     AC: 10    Str: 21    XL:     10   Next: 72%
Magic:  10/10      EV: 19    Int:  7    God:    Trog [*****.]
Gold:   393        SH:  0    Dex: 13    Spells: 9/9 levels left

rFire    . . .     SeeInvis .   D - +3 long sword
rCold    + . .     Gourm    .   (no shield)
rNeg     . . .     Faith    .   (armour unavailable)
rPois    .         Spirit   .   (helmet restricted)
rElec    +         Reflect  .   (no cloak)
rCorr    .         Harm     .   r - +2 pair of gloves "Poleitar" {rElec Regen+}
MR       .....                  (no boots)
Stlth    +.........             (no amulet)
HPRegen  0.65/turn              e - +3 ring of evasion
MPRegen  0.12/turn              (no ring)

@: berserk cooldown, slowed, very slow
A: breathe frost, unfitting armour, cold resistance 1, cold-blooded, AC +7
a: Breathe Frost, Berserk, Trog's Hand, Brothers in Arms, Renounce Religion


You were on level 8 of the Dungeon.
You worshipped Trog.
Trog was extremely pleased with you.
You were very hungry.

You visited 1 branch of the dungeon, and saw 8 of its levels.

You collected 583 gold pieces.
You spent 190 gold pieces at shops.

Inventory:

Hand Weapons
 a - a +0 falchion
 v - a +0 scimitar
 D - a +3 long sword (weapon)
Missiles
 c - 237 stones (quivered)
Armour
 r - the +2 pair of gloves "Poleitar" (worn) {rElec Regen+}
   (You bought it in a shop on level 4 of the Dungeon)

   It insulates you from electricity.
   It increases your rate of regeneration.
Jewellery
 e - a +3 ring of evasion (left hand)
 m - an uncursed ring of teleportation
 p - an uncursed amulet of the acrobat {unknown}
Wands
 x - a wand of paralysis (15)
 y - a wand of enslavement (18)
 z - a wand of clouds (8)
 A - a wand of iceblast (9)
Scrolls
 d - 2 scrolls of enchant armour
 f - 2 scrolls of fog
 o - a scroll of identify
 q - 2 scrolls of amnesia
 t - a scroll of fear
 u - 3 scrolls of teleportation
 w - 4 scrolls of remove curse
Potions
 g - 2 potions of brilliance
 h - 3 potions of curing
 i - a potion of heal wounds {unknown}
 j - 2 potions of agility
 k - a potion of invisibility {unknown}
 l - 4 potions of lignification
 n - a potion of flight
 C - a potion of ambrosia
Comestibles
 b - 19 rations


   Skills:
 + Level 9.6 Fighting
 * Level 11.8 Long Blades
 + Level 8.0 Dodging


You had 9 spell levels left.
You didn't know any spells.
Your spell library was empty.

Dungeon Overview and Level Annotations

Branches:
Dungeon (8/15)             Temple (0/1) D:6            Lair (0/6) D:8

Altars:
Elyvilon
Okawaru
Zin
The Shining One

Shops:
D:4 [   D:7 =

Annotations:
D:7 1 runed door


Innate Abilities, Weirdness & Mutations

You can breathe waves of freezing cold.
You can buffet flying creatures when you breathe cold.
Your icy white scales are hard. (AC +7)
You cannot fit into any form of body armour.
Your flesh is cold resistant. (rC+)
You are cold-blooded and may be slowed by cold attacks.


Message History

You slice the death yak!!
The death yak is almost dead.
The orc priest casts a cantrip, but nothing happens.
You slash the death yak!
You kill the death yak!
Trog accepts your kill.
Your Dodging skill increases to level 8!
You are no longer berserk.
You are exhausted.
You feel yourself slow down. The death yak gores you!!
* * * LOW HITPOINT WARNING * * *
The porcupine bites you.
* * * LOW HITPOINT WARNING * * *
The porcupine misses you.
You riposte.
You slash the porcupine!
The porcupine is heavily wounded.
There is a stone staircase leading up here.
The porcupine bites you!
* * * LOW HITPOINT WARNING * * *
The death yak gores you!!
You die... ..# ..# ... #######..### . .. ........... .o ZK #.......... ...#. #.......... .>Koro

#..........
..(Kro##Kr@.......
#..(.)#.Y..).....
#.KoooK..........
.....o##..........
..... #..........
.... ...........
#.. ##..........
.. ........... #
##########


You could see a death yak, a porcupine, 3 orcs and 2 kobolds.

Vanquished Creatures
  A two-headed ogre (D:6)
  2 death yaks (D:8)
  Pikel (D:5)
  A centaur zombie (D:7)
  Grinder (D:5)
  Prince Ribbit (D:7)
  Sigmund (D:2)
  Menkaure (D:5)
  A soldier ant (D:7)
  An ice beast (D:6)
  6 ogres
  3 sky beasts
  A necrophage (D:7)
  A centaur (D:7)
  2 bullfrogs
  A gnoll sergeant (D:6)
  A wyvern zombie (D:6)
  A scorpion (D:4)
  5 wights (D:7)
  3 crimson imps
  A bullfrog zombie (D:7)
  4 orc priests (D:4)
  3 gnoll shamans (D:6)
  3 hounds
  A jelly (D:5)
  A centaur skeleton (D:4)
  An iguana (D:6)
  9 worker ants
  6 orc wizards
  A hound zombie (D:7)
  A worker ant zombie (D:6)
  18 adders
  32 gnolls
  2 howler monkey skeletons
  2 oozes
  An adder skeleton (D:6)
  2 dart slugs
  3 worms
  7 leopard geckos
  21 orcs
  9 giant cockroaches
  16 goblins
  8 hobgoblins
  32 jackals
  5 kobolds
  2 quokkas
  3 ball pythons
  7 bats
  2 frilled lizards
  A jackal zombie (D:7)
  A quokka skeleton (D:4)
  9 rats
249 creatures vanquished.

Vanquished Creatures (others)
  A hound (D:5)
  An orc (D:5)
  2 jackals (D:5)
4 creatures vanquished.

Grand Total: 253 creatures vanquished

Notes
Turn   | Place    | Note
-------+----------+-------------------------------------------
     0 | D:1      | Bapho the Draconian Berserker began the quest for the Orb.
     0 | D:1      | Reached XP level 1. HP: 19/19 MP: 1/1
   210 | D:1      | Reached XP level 2. HP: 24/26 MP: 2/2
   917 | D:2      | Reached XP level 3. HP: 28/31 MP: 3/3
  1182 | D:2      | Reached ** piety under Trog
  1325 | D:2      | Reached skill level 4 in Long Blades
  1370 | D:2      | Reached XP level 4. HP: 40/40 MP: 4/4
  1526 | D:2      | Noticed Sigmund
  1536 | D:2      | Killed Sigmund
  1536 | D:2      | Reached skill level 5 in Long Blades
  1536 | D:2      | Reached XP level 5. HP: 47/47 MP: 5/5
  1894 | D:3      | Reached XP level 6. HP: 53/53 MP: 6/6
  2581 | D:3      | Reached *** piety under Trog
  3153 | D:4      | Reached skill level 5 in Fighting
  3157 | D:4      | Reached skill level 6 in Long Blades
  3166 | D:4      | Your scales start taking on an icy white colour.
  3166 | D:4      | Reached XP level 7. HP: 22/61 MP: 7/7
  3166 | D:4      | Gained mutation: Your flesh is cold resistant. (rC+) [White Draconian growth]
  3175 | D:4      | HP: 3/61 [poisoned by an adder]
  3454 | D:4      | Found Detsuh's Antique Armour Shop.
  3476 | D:4      | Bought a pair of brightly glowing gloves for 190 gold pieces
  3481 | D:4      | Identified the +2 pair of gloves "Poleitar" {rElec Regen+} (You bought it in a shop on level 4 of the Dungeon)
  3802 | D:4      | Found a glowing golden altar of the Shining One.
  4285 | D:4      | Reached **** piety under Trog
  4348 | D:5      | Entered Level 5 of the Dungeon
  4391 | D:5      | Reached skill level 7 in Long Blades
  4624 | D:5      | Found an iron altar of Okawaru.
  4700 | D:5      | Reached skill level 5 in Dodging
  4700 | D:5      | Reached XP level 8. HP: 55/70 MP: 8/8
  4828 | D:5      | Noticed Pikel
  4853 | D:5      | Killed Pikel
  4853 | D:5      | Reached skill level 8 in Long Blades
  4869 | D:5      | Noticed Menkaure
  4877 | D:5      | Killed Menkaure
  5056 | D:5      | Noticed Grinder
  5070 | D:5      | Killed Grinder
  5246 | D:5      | Found a white marble altar of Elyvilon.
  5249 | D:5      | Found a glowing silver altar of Zin.
  5557 | D:6      | Reached skill level 9 in Long Blades
  5557 | D:6      | Reached XP level 9. HP: 79/79 MP: 9/9
  6108 | D:6      | Found a staircase to the Ecumenical Temple.
  6181 | D:6      | Noticed a two-headed ogre
  6193 | D:6      | Killed a two-headed ogre
  6193 | D:6      | Reached skill level 10 in Long Blades
  6194 | D:6      | Reached ***** piety under Trog
  7138 | D:7      | Found Ahataica's Jewellery Emporium.
  7308 | D:7      | Received a gift from Trog
  7309 | D:7      | Reached XP level 10. HP: 90/90 MP: 10/10
  7476 | D:7      | Noticed Prince Ribbit
  7489 | D:7      | Killed Prince Ribbit
  7489 | D:7      | Reached skill level 11 in Long Blades
  7820 | D:7      | Found a runed door.
  7833 | D:7      | Found a runed door.
  8284 | D:8      | Found a staircase to the Lair.
  8284 | D:8      | Noticed a death yak
  8286 | D:8      | Noticed a death yak
  8287 | D:8      | Noticed a death yak
  8297 | D:8      | Killed a death yak
  8304 | D:8      | Killed a death yak
  8308 | D:8      | Demolished by a death yak

Vault maps used:
D:1:      dpeg_arrival_solitude
D:2:      kennysheep_generic_room_16, uniq_sigmund
D:3:      kennysheep_goblin_castle, first_ration, corner_web_ring,
          minmay_misc_feat_square
D:4:      minmay_diamond_boxcup, nicolae_overflow_hidden_temple, serial_shops,
          shop, minmay_crystal_room
D:5:      nicolae_overflow_crystal_walls,
          chequers_temple_overflow_statue_of_worship, uniq_grinder,
          uniq_menkaure, uniq_pikel
D:6:      lemuel_castle_with_subvaults, minmay_temple_entry_water_ring
D:7:      lemuel_insect_pit, serial_shops, shop, uniq_prince_ribbit1
D:8:      dpeg_lair_monsters, nicolae_ossuary_entry_plus

Skill      XL: |  1  2  3  4  5  6  7  8  9 10 |
---------------+-------------------------------+-----
Dodging        | 3 4 5 6 7 8 |  8.0
Long Blades    | 4 5 6 7 9 10 11 | 11.8
Fighting       | 4 5 6 7 8 9 |  9.6

Action                   |  1- 3 |  4- 6 |  7- 9 | 10-12 || total
-------------------------+-------+-------+-------+-------++-------
Melee: Falchion          |    76 |   100 |    28 |       ||   204
       Tailslap          |    16 |    24 |    76 |    19 ||   135
       Scimitar          |       |       |   350 |    10 ||   360
       Long sword        |       |       |       |   111 ||   111
Throw: Stone             |   122 |   114 |   264 |    57 ||   557
Invok: Berserk           |       |     4 |     9 |     3 ||    16
 Abil: Breathe Frost     |       |       |     1 |       ||     1
  Use: Scroll            |     3 |     3 |       |     7 ||    13
       Potion            |       |       |     1 |       ||     1
 Stab: Sleeping          |       |       |     1 |       ||     1
  Eat: Chunk             |     2 |     8 |    23 |     2 ||    35
       Ration            |       |       |       |     1 ||     1
Armor: Skin              |    18 |    21 |    81 |    16 ||   136
Dodge: Dodged            |    77 |    79 |   285 |    75 ||   516
       Rpst.: Falchion   |    19 |    23 |     6 |       ||    48
       Scimitar          |       |       |    77 |       ||    77
       Long sword        |       |       |       |    24 ||    24

Table legend:
 A = Spawn XP
 B = Non-spawn XP
 C = Spawn XP percentage of total XP
 D = Spawn monster count
 E = Non-spawn monster count
 F = Spawn count percentage of total count
 G = Total turns spent on level
                    A         B        C        D         E        F      G
               +---------+---------+-------+---------+---------+-------+---------
         Total |       0 |    9478 |   0.0 |       0 |     249 |   0.0 |  8308
               +---------+---------+-------+---------+---------+-------+---------
           D:1 |       0 |      38 |   0.0 |       0 |      22 |   0.0 |   788
           D:2 |       0 |     326 |   0.0 |       0 |      22 |   0.0 |  1078
           D:3 |       0 |     167 |   0.0 |       0 |      33 |   0.0 |  1148
           D:4 |       0 |     674 |   0.0 |       0 |      29 |   0.0 |  1334
           D:5 |       0 |    1540 |   0.0 |       0 |      21 |   0.0 |  1174
           D:6 |       0 |    2558 |   0.0 |       0 |      76 |   0.0 |  1616
           D:7 |       0 |    2370 |   0.0 |       0 |      42 |   0.0 |  1137
           D:8 |       0 |    1805 |   0.0 |       0 |       4 |   0.0 |    33
               +---------+---------+-------+---------+---------+-------+---------
